 Dungeon Crawl Stone Soup version 0.31-a0-1-g4198be8af4 (webtiles) character file.

Game seed: 14304008616235300467

463 retardedninja the Firebug (level 7, -9/51 HPs)
             Began as a Gnoll Fire Elementalist on May 2, 2023.
             Mangled by Edmund
             ... wielding a +5 flail of protection
              (11 damage)
             ... on level 5 of the Dungeon.
             The game lasted 00:06:23 (4897 turns).

retardedninja the Firebug (Gnoll Fire Elementalist) Turns: 4897, Time: 00:06:23

Health: -9/51      AC:  4    Str:  7    XL:     7   Next: 7%
Magic:  15/15      EV: 14    Int: 16    God:
Gold:   149        SH:  0    Dex: 13    Spells: 14/17 levels left

rFire   . . .        u - +0 battleaxe (heavy)
rCold   + . .        (shield currently unavailable)
rNeg    . . .        a - +0 robe
rPois   .            (no helmet)
rElec   .            l - +0 cloak
rCorr   .            h - +0 pair of gloves
SInv    .            (no boots)
Will    .....        (no amulet)
Stlth   +++          m - ring of protection from cold
HPRegen 0.28/turn    (no ring)
MPRegen 0.14/turn

%: no passive effects
@: attractive
A: fangs 1, strong nose, distributed training
a: no special abilities


You were on level 5 of the Dungeon.
You visited 1 branch of the dungeon, and saw 5 of its levels.

You collected 149 gold pieces.

Inventory:

Hand Weapons
 u - a +0 heavy battleaxe (weapon)
Armour
 a - a +0 robe (worn)
 h - a +0 pair of gloves (worn)
 l - a +0 cloak (worn)
Jewellery
 j - a ring of flight
 m - a ring of protection from cold (left hand)
Wands
 o - a wand of flame (18)
 r - a wand of polymorph (21)
Scrolls
 c - 2 scrolls of magic mapping {unknown}
 e - 3 scrolls of fog {unknown}
 g - 2 scrolls of vulnerability {unknown}
 k - a scroll of torment {unknown}
 n - a scroll of identify {unknown}
 q - a scroll of enchant armour {unknown}
Potions
 d - 2 potions of attraction
 f - a potion of flight {unknown}
 i - 2 potions of ambrosia {unknown}
 p - a potion of resistance {unknown}
 s - a potion of degeneration {unknown}
 t - a potion of lignification {unknown}
 v - a potion of curing {unknown}


   Skills:
 + Level 2.3 Fighting
 + Level 2.3 Short Blades
 + Level 2.3 Long Blades
 + Level 2.3 Axes
 + Level 2.3 Maces & Flails
 + Level 2.3 Polearms
 + Level 2.3 Staves
 + Level 2.3 Ranged Weapons
 + Level 2.3 Throwing
 + Level 2.3 Armour
 + Level 5.2 Dodging
 + Level 4.8 Stealth
 + Level 2.3 Shields
 + Level 2.3 Unarmed Combat
 + Level 5.5 Spellcasting
 + Level 2.9 Conjurations
 + Level 1.9 Hexes
 + Level 1.9 Summonings
 + Level 1.9 Necromancy
 + Level 1.9 Translocations
 + Level 1.9 Transmutations
 + Level 5.8 Fire Magic
 + Level 1.9 Ice Magic
 + Level 1.9 Air Magic
 + Level 1.9 Earth Magic
 + Level 1.9 Poison Magic
 + Level 2.6 Invocations
 + Level 2.3 Evocations


You had 14 spell levels left.
You knew the following spells:

 Your Spells              Type           Power      Damage    Failure   Level
a - Foxfire               Conj/Fire      72%        2x1d7     2%          1
b - Scorch                Fire           46%        2d7       1%          2

Your spell library contained the following spells:

 Spells                   Type           Power      Damage    Failure   Level
 Slow                     Hex            40%        N/A       7%          1
 Inner Flame              Hex/Fire       16%        N/A       9%          3
 Volatile Blastmotes      Fire/Tloc      32%        2d12      9%          3
 Confusing Touch          Hex            10%        N/A       21%         3
 Vampiric Draining        Necr           10%        2d6       21%         3
 Flame Wave               Conj/Fire      18%        2d7       24%         4
 Summon Lightning Spire   Summ/Air       10%        N/A       54%         4
 Storm Form               Tmut/Air       5%         N/A       100%        7
 Maxwell's Capacitive Co  Air            5%         ∞         100%        8


Dungeon Overview and Level Annotations

Branches:
Dungeon (5/15)
 Temple: D:4-7

Altars:

Annotations:
D:3 3 runed translucent doors, osoart's ghost, amateur DrEE
D:4 3 runed translucent doors, NateTC's ghost, amateur GrFi
D:5 Edmund


Innate Abilities, Weirdness & Mutations

You have very sharp teeth.
Your uncanny sense of smell can sniff out nearby items.
Your experience applies equally to all skills.


Message History

The hound's fire resistance burns away.
The hound bites you. The hound misses you.
Edmund says, "You wouldn't believe how much I paid for this flail."
Casting: Scorch (safe; 1% risk of failure)
Confirm with . or Enter, or press ? or * to list all spells.
Flames lash Edmund.
Edmund is moderately wounded.
The hound barely misses you.
Unknown command.
Casting: Scorch (safe; 1% risk of failure)
Confirm with . or Enter, or press ? or * to list all spells.
Flames lash the hound.
The hound is burned terribly!
You kill the hound!
Unknown command.
Casting: Scorch (safe; 1% risk of failure)
Confirm with . or Enter, or press ? or * to list all spells.
Flames lash Edmund.
Edmund is moderately wounded.
Edmund hits you with a +5 flail of protection!
Unknown command.
Casting: Scorch (safe; 1% risk of failure)
Confirm with . or Enter, or press ? or * to list all spells.
Flames lash Edmund but do no damage.
Edmund hits you with a +5 flail of protection.
You closely miss Edmund.
Edmund is moderately wounded.
Edmund hits you with a +5 flail of protection!
Edmund barely misses you.
You barely miss Edmund.
Edmund is moderately wounded.
Edmund hits you with a +5 flail of protection!
* * * LOW HITPOINT WARNING * * *
Edmund completely misses you. Magic courses through your body.
Edmund hits you with a +5 flail of protection!
* * * LOW HITPOINT WARNING * * *
It was a potion of attraction.
You feel attractive to monsters.
Edmund hits you with a +5 flail of protection!
You die...

.......###..#..##
.##.....###...#.##
##.###.###.##.##
!.....)...#.#
#.###.###.##...#
.$.........#.#.#
.##.###.##...#.#
#=......#.#.#.#
#...##.##.@@#...#
# #.. #.#.#.#.#
...#...#...#.#
#.#...#.#.#.#.#
...##.##...#...#
#.# ... ..#.#.#.#
.. #.# .##.? #.#
.. . ..# .#


You could see Edmund (combustible).

Vanquished Creatures
  A black bear (D:4)
  A scorpion (D:5)
  2 hounds
  A jelly (D:5)
  A sleepcap (D:4)
  2 iguanas
  5 adders
  2 ufetubi
  3 worms
  3 dart slugs
  4 orcs
  5 bats
  4 endoplasms
  A giant cockroach (D:3)
  7 goblins
  6 hobgoblins
  8 jackals
  2 quokkas
  8 ball pythons
  7 frilled lizards
  6 kobolds
  3 rats
82 creatures vanquished.

Vanquished Creatures (collateral kills)
  2 foxfires (D:4)
2 creatures vanquished.

Vanquished Creatures (others)
  328 foxfires
  A plant (D:4)
329 creatures vanquished.

Grand Total: 413 creatures vanquished

Notes
Turn   | Place    | Note
-------+----------+-------------------------------------------
     0 | D:1      | retardedninja the Gnoll Fire Elementalist began the quest
                  | for the Orb.
     0 | D:1      | Reached XP level 1. HP: 13/13 MP: 6/6
   135 | D:1      | Reached XP level 2. HP: 19/19 MP: 4/7
   161 | D:1      | Found a faded altar of an unknown god.
   709 | D:1      | Reached skill level 5 in Spellcasting
   709 | D:1      | Reached XP level 3. HP: 25/25 MP: 4/9
  1108 | D:2      | Reached skill level 1 in Invocations
  1193 | D:2      | Reached skill level 1 in Fighting
  1193 | D:2      | Reached skill level 1 in Short Blades
  1193 | D:2      | Reached skill level 1 in Long Blades
  1193 | D:2      | Reached skill level 1 in Axes
  1193 | D:2      | Reached skill level 1 in Maces & Flails
  1193 | D:2      | Reached skill level 1 in Polearms
  1193 | D:2      | Reached skill level 1 in Staves
  1193 | D:2      | Reached skill level 1 in Ranged Weapons
  1193 | D:2      | Reached skill level 1 in Throwing
  1193 | D:2      | Reached skill level 1 in Armour
  1193 | D:2      | Reached skill level 1 in Shields
  1193 | D:2      | Reached skill level 1 in Unarmed Combat
  1193 | D:2      | Reached skill level 1 in Evocations
  1473 | D:2      | HP: 1/26 [poisoned by an adder]
  1479 | D:2      | Reached XP level 4. HP: 31/32 MP: 2/11
  1566 | D:2      | Learned a level 2 spell: Scorch
  1730 | D:3      | Reached skill level 1 in Hexes
  1730 | D:3      | Reached skill level 1 in Summonings
  1730 | D:3      | Reached skill level 1 in Necromancy
  1730 | D:3      | Reached skill level 1 in Translocations
  1730 | D:3      | Reached skill level 1 in Transmutations
  1730 | D:3      | Reached skill level 1 in Ice Magic
  1730 | D:3      | Reached skill level 1 in Air Magic
  1730 | D:3      | Reached skill level 1 in Earth Magic
  1730 | D:3      | Reached skill level 1 in Poison Magic
  2734 | D:3      | Found a runed translucent gate.
  2734 | D:3      | Found a runed translucent gate.
  2736 | D:3      | Found a runed translucent gate.
  2739 | D:3      | Noticed osoart's ghost (amateur DrEE)
  3019 | D:4      | Reached XP level 5. HP: 37/37 MP: 9/12
  3181 | D:4      | Noticed a black bear
  3198 | D:4      | Killed a black bear
  3199 | D:4      | Reached XP level 6. HP: 8/44 MP: 5/13
  3774 | D:4      | Reached skill level 5 in Dodging
  4313 | D:4      | Identified the +1 leather armour of Rationality {rPois}
  4336 | D:4      | Found a runed translucent gate.
  4336 | D:4      | Found a runed translucent gate.
  4337 | D:4      | Found a runed translucent gate.
  4341 | D:4      | Noticed NateTC's ghost (amateur GrFi)
  4671 | D:5      | Entered Level 5 of the Dungeon
  4802 | D:5      | Reached XP level 7. HP: 50/50 MP: 11/15
  4877 | D:5      | Noticed Edmund
  4896 | D:5      | HP: 2/51 [Edmund/+5 flail of protection (11)]
  4897 | D:5      | Mangled by Edmund

Illustrated notes

Levels and vault maps discovered:
D:1:      dpeg_arrival_solitude, layout_rooms,
          hellmonk_ecumenical_altar_blasted, chequers_serial_rivers_marsh
D:2:      layout_rooms
D:3:      minmay_chambers_of_threes, layout_loops_ring,
          ebering_ghost_rock_garden
D:4:      layout_basic, gammafunk_ghost_necromancy, serial_bayou_pond_e,
          minmay_cupped
D:5:      layout_cave_pools, cheibrodos_sewer_entry_bend,
          nicolae_concentric_dashed_squares_mild, feat_on_display, uniq_edmund

Skill      XL: |  1  2  3  4  5  6 |
---------------+-------------------+-----
Conjurations   | 2 |  2.9
Spellcasting   | 5 |  5.5
Invocations    | 1 2 |  2.6
Fighting       | 1 2 |  2.3
Short Blades   | 1 2 |  2.3
Long Blades    | 1 2 |  2.3
Axes           | 1 2 |  2.3
Maces & Flails | 1 2 |  2.3
Polearms       | 1 2 |  2.3
Staves         | 1 2 |  2.3
Ranged Weapons | 1 2 |  2.3
Throwing       | 1 2 |  2.3
Armour         | 1 2 |  2.3
Shields        | 1 2 |  2.3
Unarmed Combat | 1 2 |  2.3
Evocations     | 1 2 |  2.3
Hexes          | 1 |  1.9
Summonings     | 1 |  1.9
Necromancy     | 1 |  1.9
Translocations | 1 |  1.9
Transmutations | 1 |  1.9
Ice Magic      | 1 |  1.9
Air Magic      | 1 |  1.9
Earth Magic    | 1 |  1.9
Poison Magic   | 1 |  1.9
Dodging        | 5 |  5.2
Stealth        | |  4.8
Fire Magic     | |  5.8

Action                     |  1- 3 |  4- 6 |  7- 9 || total
---------------------------+-------+-------+-------++-------
  Melee: Whip              |    11 |     7 |       ||    18
         Battleaxe         |       |       |     2 ||     2
   Cast: Foxfire           |    89 |   116 |       ||   205
         Scorch            |       |    11 |     7 ||    18
    Use: Potion            |     2 |       |     2 ||     4
 Armour: Robe              |    10 |    25 |     1 ||    36
  Dodge: Dodged            |    36 |    80 |     7 ||   123

Table legend: (Time is in decaauts)
 A = Elapsed time spent in this place.
 B = Non-inter-level travel time spent in this place.
 C = Inter-level travel time spent in this place.
 D = Time resting spent in this place.
 E = Time spent auto-exploring this place.
 F = Levels seen in this place.
 G = Mean time per level.
                   A        B        C        D        E       F      G
               +--------+--------+--------+--------+--------+-----+--------+
         Total |   4902 |   4762 |    140 |    733 |   3285 |   5 |  980.4 |
       Dungeon |   4902 |   4762 |    140 |    733 |   3285 |   5 |  980.4 |
               +--------+--------+--------+--------+--------+-----+--------+

Top non-repeatable levels by time:
     D:4: 1659 daAuts
     D:3: 1294 daAuts
     D:1: 928 daAuts
     D:2: 791 daAuts
     D:5: 228 daAuts
